 Dungeon Crawl Stone Soup version 0.24-a0-335-g06ca16a (webtiles) character file.

Game seed: 10182792767156353311

222 mhoghedin the Grave Robber (level 5, -3/35 HPs)
             Began as a Mummy Necromancer on May 19, 2019.
             Was a Follower of Vehumet.
             Slain by an adder (4 damage)
             ... on level 4 of the Dungeon.
             The game lasted 00:05:38 (3014 turns).

mhoghedin the Grave Robber (Mummy Necromancer)      Turns: 3014, Time: 00:05:39

Health: -3/35      AC:  2    Str: 12    XL:     5   Next: 66%
Magic:  0/9        EV: 12    Int: 15    God:    Vehumet [*.....]
Gold:   118        SH:  0    Dex: 12    Spells: 4/9 levels left

rFire    x . .     SeeInvis .   j - +3 short sword (speed)
rCold    + . .     Gourm    .   (no shield)
rNeg     + + +     Faith    .   a - +0 robe
rPois    ∞         Spirit   .   (no helmet)
rElec    .         Reflect  .   (no cloak)
rCorr    .         Harm     .   (no gloves)
MR       .....                  (no boots)
Stlth    +.........             (no amulet)
HPRegen  0.11/turn              i - ring of attention
MPRegen  0.11/turn              (no ring)

@: no status effects
A: no food or potions, fire vulnerability, cold resistance 1, negative energy
resistance 3, torment resistance, unbreathing
a: Renounce Religion


You were on level 4 of the Dungeon.
You worshipped Vehumet.
Vehumet was aware of your devotion.
You were not hungry.

You visited 1 branch of the dungeon, and saw 4 of its levels.

You collected 118 gold pieces.

Inventory:

Hand Weapons
 c - a +0 club
   (You took it off a hobgoblin on level 1 of the Dungeon)
 j - a +3 short sword of speed (weapon)
   (You took it off a kobold on level 2 of the Dungeon)
Armour
 a - a +0 robe (worn)
Jewellery
 i - a ring of attention (left hand)
   (You found it on level 2 of the Dungeon)
Scrolls
 d - a scroll of fog {unknown}
 f - a scroll of enchant weapon
 g - 4 scrolls of identify
 h - 2 scrolls of enchant armour
 l - a scroll of blinking {unknown}


   Skills:
 - Level 1.5 Dodging
 - Level 1.5 Stealth
 - Level 2.6 Spellcasting
 + Level 7.0 Necromancy


You had 4 spell levels left.
You knew the following spells:

 Your Spells              Type           Power        Failure   Level  Hunger
a - Pain                  Necr           ###.         1%          1    N/A
x - Vampiric Draining     Necr           ###.......   3%          3    N/A
A - Animate Skeleton      Necr           N/A          1%          1    N/A

Your spell library contained the following spells:

 Spells                   Type           Power        Failure   Level  Hunger
 Shock                    Conj/Air       #...         21%         1    N/A
 Animate Dead             Necr           N/A          12%         4    N/A
 Regeneration             Chrm/Necr      Unusable     N/A         3    N/A

Dungeon Overview and Level Annotations

Branches:
Dungeon (4/15)
 Temple: D:4-7

Altars:
Dithmenos
Kikubaaqudgha
Sif Muna
Vehumet


Innate Abilities, Weirdness & Mutations

You do not eat or drink.
Your flesh is vulnerable to fire.
You are immune to poison.
Your flesh is cold resistant. (rC+)
You are immune to negative energy. (rN+++)
You are immune to unholy pain and torment.
You can survive without breathing.


Message History

You kill the howler monkey!
Vehumet accepts your kill.
You now have 3/9 mp.
You can't see any susceptible monsters within range! (Use Z to cast anyway.)
You see here a howler monkey corpse.
A dart slug comes into view.
A dart slug is nearby!
A dart slug is nearby!
The dart slug launches a dart at you. The slug dart hits you.
You take 6 damage, and have 24/35 hp.
Aim: a dart slug (chance to defeat MR: 91%)
The dart slug writhes in agony.
You now have 3/9 mp.
Aim: a dart slug (moderately wounded, chance to defeat MR: 91%)
The dart slug writhes in agony.
You now have 2/9 mp.
Aim: a dart slug (heavily wounded, chance to defeat MR: 91%)
The dart slug writhes in agony.
You kill the dart slug!
Vehumet accepts your kill.
You feel your power returning.
You can't see any susceptible monsters within range! (Use Z to cast anyway.)
You start resting.
A hound comes into view.
You regained 2 mp, and now have 4/9 mp.
A hound is nearby!
A hound is nearby!
The hound barks!
Aim: a hound (chance to defeat MR: 87%)
The hound barely resists.
You now have 3/9 mp.
Aim: a hound (chance to defeat MR: 87%)
The hound writhes in agony!
The hound misses you. x2
You now have 2/9 mp.
Aim: a hound (heavily wounded, chance to defeat MR: 87%)
The hound writhes in agony.
The hound misses you.
You now have 1/9 mp.
Aim: a hound (severely wounded, chance to defeat MR: 87%)
The hound writhes in agony.
The hound bites you.
An adder comes into view.
The hound bites you.
You take 8 damage, and have 19/35 hp.
MASSIVE DAMAGE!!
You now have 0/9 mp.
An orc comes into view. It is wielding a +0 club.
The orc shouts!
The hound misses you. The hound bites you.
You take 2 damage, and have 17/35 hp.
A worker ant comes into view.
The worker ant twitches its antennae in your direction.
The hound bites you.
You see here a howler monkey corpse.
You take 5 damage, and have 12/35 hp.
The hound bites you.
* * * LOW HITPOINT WARNING * * *
You take 3 damage, and have 9/35 hp.
The hound misses you. The hound bites you.
* * * LOW HITPOINT WARNING * * *
You take 2 damage, and have 7/35 hp.
Aim: a hound (severely wounded, chance to defeat MR: 87%)
The hound writhes in agony.
You kill the hound!
Vehumet accepts your kill.
You feel your power returning.
Your Necromancy skill increases to level 7!
The adder bites you.
* * * LOW HITPOINT WARNING * * *
Aim: an adder (chance to defeat MR: 88%)
The adder barely resists.
The adder closely misses you.
You take 4 damage, and have 3/35 hp.
Aim: an adder (chance to defeat MR: 88%)
The adder writhes in agony.
The adder barely misses you.
You now have 0/9 mp.
Unknown command.
As you read the scroll labeled DOQASEJ WIU, it crumbles to dust.
It is a scroll of identify.
h - 2 scrolls of enchant armour The adder barely misses you.
The adder bites you.
* * * LOW HITPOINT WARNING * * *
You take 2 damage, and have 1/35 hp.
As you read the scroll labeled LAT KEEMNIR PEWK, it crumbles to dust.
It is a scroll of enchant weapon.
Your +2 short sword of speed glows red for a moment.
The adder closely misses you.
As you read the scroll labeled ILEUSAM XIUHAUHAEN, it crumbles to dust.
The creatures around you are filled with an inner flame!
It was a scroll of immolation.
The adder bites you but does no damage.
As you read the scroll labeled ITHRIQY DEQEAMM, it crumbles to dust.
You feel as if something is helping you.
It was a scroll of remove curse.
The adder misses you. The adder closely misses you.
As you read the scroll labeled RAOTTUIDWA, it crumbles to dust.
It is a scroll of amnesia.
Okay, then.
The adder bites you.
You die...

..#..†...........#.#.
......#...†..........
..#..##.........##..
...........###..#
.....#####.###..######.#
.... #a##..........# ...
#o##..#.####### #.
#S##........... #.
.#@##.##.##########
#.....................
#.#.#.##.#...###....##
...#.#.......##....# ###
#.####....##....## ...
#....##...... ..#
###.#.##....## ###
#....<##....#
#.#.######.##


You could see a worker ant (inner flame), an adder (inner flame) and an orc
(inner flame).

Vanquished Creatures
  A howler monkey (D:4)
  A hound (D:4)
  A worker ant (D:4)
  5 adders
  3 dart slugs
  4 leopard geckos
  7 orcs
  2 ball pythons
  A giant cockroach (D:1)
  3 goblins (D:2)
  12 hobgoblins
  9 kobolds
  2 quokkas
  10 bats
  A frilled lizard (D:1)
  A quokka skeleton (D:4)
  10 rats
73 creatures vanquished.

Notes
Turn   | Place    | Note
-------+----------+-------------------------------------------
     0 | D:1      | mhoghedin the Mummy Necromancer began the quest for the
                  | Orb.
     0 | D:1      | Reached XP level 1. HP: 13/13 MP: 4/4
   181 | D:1      | Reached XP level 2. HP: 19/19 MP: 0/5
   752 | D:1      | You fall through a shaft!
   759 | D:2      | Reached skill level 5 in Necromancy
   852 | D:1      | Reached XP level 3. HP: 24/24 MP: 5/7
   855 | D:1      | Learned a level 1 spell: Animate Skeleton
   859 | D:1      | Learned a level 3 spell: Vampiric Draining
   998 | D:2      | Found a radiant altar of Vehumet.
  1006 | D:2      | Became a worshipper of Vehumet
  1184 | D:2      | Found an ancient bone altar of Kikubaaqudgha.
  1750 | D:3      | Reached XP level 4. HP: 30/30 MP: 3/8
  2220 | D:3      | Reached skill level 6 in Necromancy
  2386 | D:3      | Found a faded altar of an unknown god.
  2392 | D:3      | Reached * piety under Vehumet
  2392 | D:3      | Offered knowledge of Shock by Vehumet.
  2665 | D:3      | Found a shadowy altar of Dithmenos.
  2666 | D:3      | Found a deep blue altar of Sif Muna.
  2834 | D:4      | Reached XP level 5. HP: 33/35 MP: 5/9
  3005 | D:4      | HP: 7/35 [hound (2)]
  3006 | D:4      | Reached skill level 7 in Necromancy
  3006 | D:4      | HP: 3/35 [adder (4)]
  3010 | D:4      | HP: 1/35 [adder (3)]
  3014 | D:4      | Slain by an adder

Levels and vault maps discovered:
D:1:      grunt_arrival_lava_bath, layout_basic, serial_glass, glass_columns_c,
          glass_columns_a, glass_columns_b, glass_columns_a, glass_columns_c,
          glass_columns_a, glass_columns_c, glass_columns_a, glass_columns_a,
          glass_columns_a, glass_columns_b, glass_columns_b, glass_columns_c,
          glass_columns_a
D:2:      layout_basic, vehumet_crystals, lemuel_crystal_altar,
          kennysheep_generic_room_7
D:3:      layout_loops_ring, amethyst_overflow_temple_binary, first_ration,
          chequers_ecumenical_altar_simple
D:4:      layout_basic, overflow_temple_1_default, uniq_duvessa, uniq_eustachio

Skill      XL: |  1  2  3  4  5 |
---------------+----------------+-----
Necromancy     | 5 6 7 |  7.0
Dodging        | |  1.5
Stealth        | |  1.5
Spellcasting   | |  2.6

Action                   |  1- 3 |  4- 6 || total
-------------------------+-------+-------++-------
Melee: Club              |     1 |       ||     1
       Short sword       |       |    10 ||    10
 Cast: Pain              |    77 |    78 ||   155
  Use: Scroll            |       |     5 ||     5
Armor: Robe              |     3 |     1 ||     4
Dodge: Dodged            |    17 |    33 ||    50

Table legend:
 A = Non-vault XP
 B = Vault XP
 C = Vault XP percentage of total XP
 D = Non-vault monster count
 E = Vault monster count
 F = Vault count percentage of total count
                 A         B        C        D         E       F
            +---------+---------+-------+---------+---------+-------
      Total |     315 |       3 |   0.9 |      71 |       2 |   2.7
            +---------+---------+-------+---------+---------+-------
        D:1 |      38 |       0 |   0.0 |      20 |       0 |   0.0
        D:2 |      54 |       3 |   5.3 |      20 |       2 |   9.1
        D:3 |      85 |       0 |   0.0 |      24 |       0 |   0.0
        D:4 |     138 |       0 |   0.0 |       7 |       0 |   0.0
            +---------+---------+-------+---------+---------+-------

Levels and vault maps discovered:
D:1:      grunt_arrival_lava_bath, layout_basic, serial_glass, glass_columns_c,
          glass_columns_a, glass_columns_b, glass_columns_a, glass_columns_c,
          glass_columns_a, glass_columns_c, glass_columns_a, glass_columns_a,
          glass_columns_a, glass_columns_b, glass_columns_b, glass_columns_c,
          glass_columns_a
D:2:      layout_basic, vehumet_crystals, lemuel_crystal_altar,
          kennysheep_generic_room_7
D:3:      layout_loops_ring, amethyst_overflow_temple_binary, first_ration,
          chequers_ecumenical_altar_simple
D:4:      layout_basic, overflow_temple_1_default, uniq_duvessa, uniq_eustachio

Table legend:
 A = Turns spent in this place as a percentage of turns spent in the entire game.
 B = Non-inter-level travel turns spent in this place as a percentage of non-inter-level travel turns spent in the entire game.
 C = Inter-level travel turns spent in this place as a percentage of turns spent in this place.
 D = Turns resting spent in this place as a percentage of non-inter-level travel turns spent in this place.
 E = Turns spent auto-exploring this place as a percentage of non-inter-level travel turns spent in this place.
 F = Non-inter-level travel turns spent in this place divided by the number of levels of this place that you've seen.
                   A       B       C       D       E      F
               +-------+-------+-------+-------+-------+----------------------
         Total | 100.0 | 100.0 |   3.3 |  31.1 |  54.6 | 728.5
       Dungeon | 100.0 | 100.0 |   3.3 |  31.1 |  54.6 | 728.5
               +-------+-------+-------+-------+-------+----------------------

Table legend:
 A = Kills in this place as a percentage of kills in entire the game.
 B = Kills by you in this place as a percentage of kills by you in the entire game.
 C = Kills by friends in this place as a percentage of kills by friends in the entire game.
 D = Other kills in this place as a percentage of other kills in the entire game.
 E = Experience gained in this place as a percentage of experience gained in the entire game.
 F = Experience gained in this place divided by the number of levels of this place that you have seen.
                   A       B       C       D       E      F
               +-------+-------+-------+-------+-------+----------------------
         Total | 100.0 | 100.0 |   N/A |   N/A | 100.0 |  79.5
       Dungeon | 100.0 | 100.0 |   N/A |   N/A | 100.0 |  79.5
               +-------+-------+-------+-------+-------+----------------------
